 Dungeon Crawl Stone Soup version 0.23.0 (webtiles) character file.

Game seed: 3968128213354271116

5849 jgonzale2218 the Slicer (level 10, -2/79 HPs)
             Began as a Demonspawn Wanderer on Feb 20, 2019.
             Was a Follower of Makhleb.
             Slain by an eight-headed hydra (7 damage)
             ... on level 1 of the Lair of Beasts.
             The game lasted 00:31:02 (7030 turns).

jgonzale2218 the Slicer (Demonspawn Wanderer)       Turns: 7030, Time: 00:31:02

Health: -2/79      AC: 11    Str: 13    XL:     10   Next: 51%
Magic:  10/10      EV: 15    Int: 11    God:    Makhleb [*.....]
Gold:   305        SH:  0    Dex: 24    Spells: 9/9 levels left

rFire    + . .     SeeInvis +   g - +6 rapier (speed)
rCold    . . .     Gourm    .   (no shield)
rNeg     . . .     Faith    .   A - +1 ring mail of Bexkaxat {+Blink rF+ Dex+2 Stlth-}
rPois    .         Spirit   .   (no helmet)
rElec    .         Reflect  .   (no cloak)
rCorr    .         Harm     .   h - +0 pair of gloves
MR       .....                  (no boots)
Stlth    +++++.....             m - amulet of the acrobat
HPRegen  0.23/turn              C - ring of wizardry
MPRegen  0.12/turn              (no ring)

@: no status effects
A: talons 1, molten scales 2, see invisible, agile 1, demonic guardian 1,
nightstalker 2, strong 1, wild magic 1
a: Renounce Religion, Evoke Blink


You were on level 1 of the Lair of Beasts.
You worshipped Makhleb.
Makhleb was aware of your devotion.
You were not hungry.

You visited 3 branches of the dungeon, and saw 9 of its levels.

You collected 305 gold pieces.

Inventory:

Hand Weapons
 a - a +2 dagger
 c - a +0 hand axe
 d - a +0 short sword
 g - a +6 rapier of speed (weapon)
 j - a +5 short sword of speed
Armour
 h - a +0 pair of gloves (worn)
 o - a +2 robe
 v - a +4 scale mail of cold resistance
 A - the +1 ring mail of Bexkaxat (worn) {+Blink rF+ Dex+2 Stlth-}
   (You found it on level 9 of the Dungeon)

   It affects your dexterity (+2).
   It protects you from fire.
   It lets you blink.
   It makes you less stealthy.
Jewellery
 i - a +5 amulet of reflection
 m - an amulet of the acrobat (around neck)
 C - a ring of wizardry (left hand)
Wands
 x - a wand of flame (18)
 z - a wand of enslavement (9)
 B - a wand of random effects (15)
Scrolls
 q - a scroll of magic mapping
 y - a scroll of teleportation
Potions
 e - a potion of berserk rage {unknown}
 k - a potion of lignification
 l - a potion of agility {unknown}
 n - 7 potions of curing
 p - 2 potions of haste
 r - a potion of resistance
 u - a potion of flight
Comestibles
 f - 11 rations


   Skills:
 + Level 7.1 Fighting
 + Level 8.7 Short Blades
 + Level 5.1 Armour
 + Level 5.2 Dodging
 + Level 8.0 Stealth
 + Level 1.0 Evocations


You had 9 spell levels left.
You didn't know any spells.
Your spell library was empty.

Dungeon Overview and Level Annotations

Branches:
Dungeon (9/15)             Temple (1/1) D:5            Lair (1/6) D:9
    Orc: D:9-12

Altars:
Ashenzari
Dithmenos
Elyvilon
Gozag
Hepliaklqana
Kikubaaqudgha
Makhleb
Nemelex Xobeh
Okawaru
Qazlal
Ru
Uskayaw
Vehumet
Wu Jian
Xom
Yredelemnul
The Shining One

Shops:
D:6 (


Innate Abilities, Weirdness & Mutations

You have sharp toenails.
You are mostly covered in molten scales. (AC +3)
A weak demonic guardian rushes to your aid.
You are significantly more attuned to the shadows.
You have supernaturally acute eyesight. (SInv)
You are agile. (Dex +2)
Your muscles are strong. (Str +2)
Your spells are a little harder to cast, but a little more powerful.


Message History

The yak is heavily wounded.
Your white imp hits the fungus.
Your white imp freezes the fungus.
You hit the eight-headed hydra. You claw the eight-headed hydra.
The eight-headed hydra is lightly wounded.
You hit the eight-headed hydra but do no damage.
You claw the eight-headed hydra.
The eight-headed hydra is lightly wounded.
Your white imp hits the fungus.
Your white imp freezes the fungus.
The fungus is destroyed!
The eight-headed hydra bites you!
The eight-headed hydra barely misses you.
The eight-headed hydra bites you!
* * * LOW HITPOINT WARNING * * *
The eight-headed hydra bites you!
* * * LOW HITPOINT WARNING * * *
The eight-headed hydra closely misses you.
The eight-headed hydra bites you!
* * * LOW HITPOINT WARNING * * *
The eight-headed hydra bites you!
You die...

#.# #.P# #.##
#.P#
####..###.##
......)...#
###..#####
#.## ## ####.#
##t###.P..#
#YhYD@5...##
..hhY#######.#
..h## ### ##


You could see an eight-headed hydra, 3 yaks, a crocodile, 4 wolves and a
friendly white imp.

Vanquished Creatures
  An unseen horror (D:9)
  2 black mambas (Lair:1)
  Joseph (D:9)
  2 komodo dragons (Lair:1)
  A spriggan (D:9)
  2 yaks (Lair:1)
  Sigmund (D:2)
  Eustachio (D:4)
  A wyvern (D:9)
  Duvessa (D:6)
  2 water moccasins
  2 ice beasts (D:9)
  A phantom (D:6)
  4 black bears (D:9)
  2 ogres
  An orc warrior (D:9)
  3 centaurs
  2 crocodiles
  4 bullfrogs
  A gnoll sergeant (D:9)
  Dowan (D:6)
  A water moccasin skeleton (D:9)
  2 scorpions
  2 howler monkeys (D:9)
  3 hounds
  A bullfrog skeleton (D:9)
  A bullfrog zombie (D:6)
  3 orc wizards
  Jessica (D:2)
  5 worker ants
  A hound skeleton (D:4)
  3 gnolls (D:9)
  4 adders
  2 oozes
  2 worms (D:4)
  A dart slug (D:1)
  7 orcs
  A ball python (D:2)
  6 giant cockroaches
  9 goblins
  4 hobgoblins
  8 jackals
  5 kobolds
  A quokka (D:3)
  8 bats
  4 frilled lizards
  4 rats
125 creatures vanquished.

Vanquished Creatures (collateral kills)
  A wyvern (D:9)
  A yak (Lair:1)
  Edmund (D:6)
  A swamp drake (D:9)
  A hound (D:4)
  2 iguanas
  An orc (D:3)
  A jackal (D:9)
  A quokka (D:9)
  A ball python (D:4)
  A fungus (Lair:1)
12 creatures vanquished.

Vanquished Creatures (others)
  A fungus (Lair:1)
1 creature vanquished.

Grand Total: 138 creatures vanquished

Notes
Turn   | Place    | Note
-------+----------+-------------------------------------------
     0 | D:1      | jgonzale2218 the Demonspawn Wanderer began the quest for
                  | the Orb.
     0 | D:1      | jgonzale2218 set off with the following items: a +2 dagger,
                  | a potion of heal wounds, a +0 hand axe, a +0 short sword, a
                  | +0 robe, a ration
     0 | D:1      | Reached XP level 1. HP: 18/18 MP: 1/1
   313 | D:1      | Gained mutation: You are slightly more attuned to the
                  | shadows. [demonic ancestry]
   313 | D:1      | Reached XP level 2. HP: 18/24 MP: 2/2
   450 | D:1      | You fall through a shaft!
   601 | D:2      | Noticed Jessica
   611 | D:2      | Killed Jessica
   611 | D:2      | Gained mutation: You have sharp toenails. [demonic
                  | ancestry]
   611 | D:2      | Reached XP level 3. HP: 24/30 MP: 3/3
   611 | D:2      | Noticed Sigmund
   629 | D:2      | Killed Sigmund
   629 | D:2      | Reached XP level 4. HP: 21/38 MP: 4/4
   629 | D:2      | Gained mutation: A weak demonic guardian rushes to your
                  | aid. [demonic ancestry]
   629 | D:2      | Reached XP level 5. HP: 24/43 MP: 5/5
  1698 | D:3      | Found an iron altar of Okawaru.
  1699 | D:3      | Found a white marble altar of Elyvilon.
  1701 | D:3      | Found an ornate altar of the Wu Jian Council.
  1730 | D:3      | Noticed a centaur
  1768 | D:3      | Killed a centaur
  1768 | D:3      | Gained mutation: You are partially covered in molten
                  | scales. (AC +2) [demonic ancestry]
  1768 | D:3      | Reached XP level 6. HP: 46/50 MP: 6/6
  2014 | D:3      | Reached skill level 5 in Fighting
  2503 | D:4      | Noticed Eustachio
  2557 | D:4      | Killed Eustachio
  2557 | D:4      | Reached XP level 7. HP: 22/56 MP: 7/7
  3127 | D:4      | Found a shattered altar of Ashenzari.
  3127 | D:4      | Found a glowing golden altar of the Shining One.
  3127 | D:4      | Found a shadowy altar of Dithmenos.
  3167 | D:4      | Gained mutation: You have supernaturally acute eyesight.
                  | (SInv) [potion of mutation]
  3167 | D:4      | Gained mutation: You are agile. (Dex +2) [potion of
                  | mutation]
  3167 | D:4      | Gained mutation: Your muscles are strong. (Str +2) [potion
                  | of mutation]
  3167 | D:4      | Gained mutation: Your spells are a little harder to cast,
                  | but a little more powerful. [potion of mutation]
  3615 | D:5      | Entered Level 5 of the Dungeon
  3615 | D:5      | Found a staircase to the Ecumenical Temple.
  3664 | Temple   | Entered the Ecumenical Temple
  4101 | Temple   | Became a worshipper of Makhleb the Destroyer
  4721 | D:6      | Reached skill level 5 in Stealth
  4754 | D:6      | Noticed Edmund
  4769 | D:6      | Killed Edmund
  4769 | D:6      | Reached XP level 8. HP: 54/63 MP: 8/8
  4850 | D:6      | Noticed Dowan
  4854 | D:6      | Noticed Duvessa
  4864 | D:6      | Killed Duvessa
  4864 | D:6      | Reached skill level 5 in Short Blades
  4873 | D:6      | Killed Dowan
  4897 | D:6      | Found Rophupiac's Weapon Shop.
  5058 | D:6      | You fall through a shaft for 3 floors!
  5273 | D:9      | Noticed an unseen horror
  5285 | D:9      | Gained mutation: You are mostly covered in molten scales.
                  | (AC +3) [demonic ancestry]
  5285 | D:9      | Reached XP level 9. HP: 36/69 MP: 9/9
  5313 | D:9      | Killed an unseen horror
  5313 | D:9      | Reached * piety under Makhleb
  5506 | D:9      | Noticed Joseph
  5520 | D:9      | Killed Joseph
  6175 | D:9      | Gained mutation: You are significantly more attuned to the
                  | shadows. [demonic ancestry]
  6175 | D:9      | Reached XP level 10. HP: 60/77 MP: 10/10
  6381 | D:9      | Got a jewelled ring mail
  6392 | D:9      | Identified the cursed +1 ring mail of Bexkaxat {+Blink rF+
                  | Dex+2 Stlth-} (You found it on level 9 of the Dungeon)
  6398 | D:9      | Found a staircase to the Lair.
  6440 | Lair:1   | Entered Level 1 of the Lair of Beasts
  6446 | Lair:1   | Noticed a black mamba
  6462 | Lair:1   | Killed a black mamba
  6462 | Lair:1   | Reached skill level 5 in Dodging
  6498 | Lair:1   | Noticed an eight-headed hydra
  6925 | Lair:1   | Noticed a black mamba
  6935 | Lair:1   | Killed a black mamba
  6999 | Lair:1   | Reached skill level 5 in Armour
  7030 | Lair:1   | Slain by an eight-headed hydra

Skill      XL: |  1  2  3  4  5  6  7  8  9 10 |
---------------+-------------------------------+-----
Short Blades   | 2 3 4 6 7 8 |  8.7
Fighting       | 4 5 6 7 |  7.1
Stealth        | 2 3 5 6 7 8 |  8.0
Dodging        | 2 3 4 5 |  5.2
Armour         | 2 4 5 |  5.1
Evocations     | |  1.0

Action                   |  1- 3 |  4- 6 |  7- 9 | 10-12 || total
-------------------------+-------+-------+-------+-------++-------
Melee: Dagger            |     8 |       |       |       ||     8
       Short sword       |    54 |   111 |       |       ||   165
       Kick              |     6 |    27 |    87 |    35 ||   155
       Rapier            |       |       |   219 |    73 ||   292
  Use: Potion            |     1 |       |     4 |     5 ||    10
       Scroll            |       |     5 |    11 |     1 ||    17
 Stab: Sleeping          |     2 |    10 |    11 |     2 ||    25
       Distracted        |       |     1 |     1 |     1 ||     3
  Eat: Ration            |       |     2 |     3 |     1 ||     6
       Chunk             |       |       |     1 |       ||     1
Armor: Robe              |    22 |    27 |     4 |       ||    53
       Scale mail        |       |       |    66 |     5 ||    71
       Ring mail         |       |       |       |     8 ||     8
Dodge: Dodged            |    44 |   115 |   106 |    39 ||   304
Block: Other             |       |       |    34 |     6 ||    40
       Reflection        |       |       |     1 |       ||     1
